 Dungeon Crawl Stone Soup version 0.14-a0-2019-gd9bc7f0 (webtiles) character file.

56 Faustar the Caller (level 2, -1/19 HPs)
             Began as a Vampire Summoner on Jan 19, 2014.
             Slain by an adder (4 damage)
             ... on Level 1 of the Dungeon.
             The game lasted 00:04:11 (1024 turns).

Faustar the Caller (Vampire Summoner)               Turns: 1024, Time: 00:04:11

HP  -1/19        AC  2     Str  7      XL: 2   Next: 51%
MP   1/5         EV 12     Int 17      God:
Gold 38          SH  0     Dex 14      Spells:  2 memorised,  3 levels left

rFire  . . .     SeeInvis +     (no weapon)
rCold  . . .     Clarity  .     a - +0 robe
rNeg   + . .     Conserve .     (no shield)
rPois  .         rCorr    .     (no helmet)
rElec  .         rRot     .     (no cloak)
SustAb . .       Spirit   .     (no gloves)
rMut   .         Warding  .     (no boots)
Saprov . . .     Stasis   .     (no amulet)
MR     .....                    (no ring)
                                (no ring)

@: not resistant to hostile enchantments, stealthy
A: fangs 3, see invisible, unbreathing
a: no special abilities


You were on level 1 of the Dungeon.
You were not thirsty.

You visited 1 branch of the dungeon, and saw 2 of its levels.

You collected 38 gold pieces.

Inventory:

Armour
 a - a +0 robe (worn)
Scrolls
 d - a scroll of identify {unknown}
 e - a scroll of enchant weapon I {unknown}
 f - a scroll of noise {unknown}
 g - 2 scrolls of blinking {unknown}
Books
 b - a book of Callings

   Spells                             Type                      Level
   *Summon Small Mammal               Summoning                    1
   *Call Imp                          Summoning                    2
   Call Canine Familiar               Summoning                    3
   Summon Scorpions                   Summoning/Poison             4
   Summon Ice Beast                   Ice/Summoning                4


   Skills:
 - Level 2.1 Dodging
 - Level 3.0 Stealth
 + Level 2.7 Spellcasting
 + Level 4.2 Summonings


You had 3 spell levels left.
You knew the following spells:

 Your Spells              Type           Power        Failure   Level  Hunger
a - Summon Small Mammal   Summ           ###.         3%          1    #......
b - Call Imp              Summ           ###.......   6%          2    ##.....


Dungeon Overview and Level Annotations

Branches:
Dungeon (2/16)

Altars:
Ashenzari


Innate Abilities, Weirdness & Mutations

You have razor-sharp teeth.
You have supernaturally acute eyesight.
You can survive without breathing.


Message History

Confirm with . or Enter, or press ? or * to list all spells.
Your bat barely misses the adder.
The adder misses you. The adder closely misses you.
You barely miss the adder. You bite the adder, but do no damage.
The adder is moderately wounded.
Your bat barely misses the adder.
Your bat misses the adder. The adder misses you.
Your bat closely misses the adder.
You barely miss the adder.
The adder is moderately wounded.
Your bat misses the adder. The adder barely misses you.
Your grey rat misses the adder.
You barely miss the adder.
The adder is moderately wounded.
Your bat misses the adder. The adder bites you.
* * * LOW HITPOINT WARNING * * *
Your grey rat misses the adder.
You closely miss the adder.
The adder is moderately wounded.
Your bat barely misses the adder.
The adder bites you.
You die...

#................#
#.........##.....###
#.........########..
#...%.....# #..
#####.....# ##..
#....#### ##...
#....# #.... #..r.#
#.... ###@S..# #....
#....b## #....
#.....# #....
#.....# #....
#.....# ########.#
#.....## #.........
#......# #.########
##.....# #.#.......
#.....####.#.####.#


You could see an adder, a friendly grey rat and a friendly bat.

Vanquished Creatures
  3 rats (D:1)
3 creatures vanquished.

Vanquished Creatures (collateral kills)
  A giant mite (D:1)
  A ball python (D:2)
  5 bats
  4 giant cockroaches (D:1)
  4 goblins
  A hobgoblin (D:1)
  A giant gecko (D:1)
  A kobold (D:1)
  A rat (D:1)
19 creatures vanquished.

Vanquished Creatures (others)
  4 bats (D:1)
  A quokka (D:1)
  5 rats (D:1)
10 creatures vanquished.

Grand Total: 32 creatures vanquished

Notes
Turn   | Place    | Note
--------------------------------------------------------------
     0 | D:1      | Faustar, the Vampire Summoner, began the quest for the Orb.
     0 | D:1      | Reached XP level 1. HP: 13/13 MP: 3/3
   519 | D:1      | Reached XP level 2. HP: 5/19 MP: 1/5
   523 | D:1      | Learned a level 2 spell: Call Imp
   637 | D:1      | Found a shattered altar of Ashenzari.
  1024 | D:1      | Slain by an adder

Action                   || total
-------------------------++-------
Melee: Unarmed           ||    47
 Cast: Summon Small Mamm ||    31
       Call Imp          ||     9
  Use: Potion            ||     2
 Stab: Sleeping          ||     3
